 Dungeon Crawl Stone Soup version 0.17-a0-1262-gd250d98 (webtiles) character file.

385 kidanger the Ruffian (level 6, -3/61 HPs)
             Began as a Troll Monk on June 6, 2015.
             Was a Priest of Dithmenos.
             Killed by nerve-wracking pain
             ... invoked by an orc priest
              (13 damage)
             ... on level 4 of the Dungeon.
             The game lasted 00:10:21 (2528 turns).

kidanger the Ruffian (Troll Monk)                   Turns: 2528, Time: 00:10:21

Health: -3/61      AC:  8    Str: 22    XL:     6   Next: 48%
Magic:  14/14      EV: 11    Int:  6    God:    Dithmenos [***...]
Gold:   186        SH:  0    Dex: 12    Spells: 0 memorised, 5 levels left

rFire  . . .     SeeInvis .       - Unarmed
rCold  . . .     Clarity  .     a - +0 robe
rNeg   . . .     SustAt   .     (no shield)
rPois  .         Gourm    +     (helmet restricted)
rElec  .         Spirit   .     c - +2 cloak
rCorr  .         Warding  .     (gloves unavailable)
rMut   .         Stasis   .     (boots unavailable)
MR     .....                    (no amulet)
Stlth  ++........               m - ring of flight
                                g - ring of magical power

@: wreathed by umbra, not resistant to hostile enchantments, unstealthy
A: unfitting armour, claws 3, fast metabolism 3, gourmand, regeneration 2,
shaggy fur 1, tough skin 2
a: Shadow Step, Renounce Religion, Evoke Flight


You were on level 4 of the Dungeon.
You worshipped Dithmenos.
Dithmenos was most pleased with you.
You were full.

You visited 1 branch of the dungeon, and saw 4 of its levels.

You collected 186 gold pieces.

Inventory:

Armour
 a - a +0 robe (worn)
 c - a +2 cloak (worn)
Jewellery
 g - a ring of magical power (left claw)
 m - a ring of flight (right claw)
Magical devices
 p - a wand of paralysis (10)
Scrolls
 d - a scroll of magic mapping
 f - 3 scrolls of remove curse
Potions
 i - a potion of mutation {unknown}
 j - a potion of heal wounds {unknown}
 k - a potion of poison {unknown}
 l - a potion of agility {unknown}
 o - a potion of degeneration {unknown}
Comestibles
 b - 3 bread rations
 h - 11 chunks of flesh
 n - a meat ration


   Skills:
 + Level 3.5 Fighting
 + Level 3.9 Dodging
 + Level 1.7 Stealth
 + Level 5.7 Unarmed Combat
 + Level 0.1 Invocations


You had 5 spell levels left.
You didn't know any spells.

Dungeon Overview and Level Annotations

Branches:
Dungeon (4/15)
 Temple: D:4-7

Altars:
Dithmenos
Makhleb


Innate Abilities, Weirdness & Mutations

You are too large for most types of armour.
You have claws for hands.
Your metabolism is lightning-fast.
You like to eat raw meat.
You heal very quickly.
You are covered in fur (AC +1).
You have very tough skin (AC +2).


Message History

You closely miss the orc priest.
The orc priest hits you from afar with a trident.
* * * LOW HITPOINT WARNING * * *
Drink which item? (? for menu, Esc to quit)
You feel better.
The orc priest is no longer bleeding.
The orc priest barely misses you.
The orc priest hits you from afar with a trident.
* * * LOW HITPOINT WARNING * * *
Drink which item? (? for menu, Esc to quit)
You don't have any such object.
Drink which item? (? for menu, Esc to quit)
You don't have any such object.
Drink which item? (? for menu, Esc to quit)
Okay, then.
Unknown command.
The orc priest hits you with a club.
* * * LOW HITPOINT WARNING * * *
The orc priest invokes the aid of Beogh against you.
Pain shoots through your body!
You die...

#######.# #............
#.......#######............
##............+.)..).......
#............#..)...######
#.########.......<..# #.
#........รท..# #
#......##...##
#....[.###...# #....@.#
#...# ###......###...###
...................
#####.oo#########..
...#####...# .......
#.........####.......
..............).......
##.........####.......
########### ....###


You could see 2 orc priests.

Vanquished Creatures
  An orc priest (D:3)
  3 iron imps (D:3)
  An orc wizard (D:3)
  A worker ant (D:4)
  7 adders
  6 gnolls
  3 oozes (D:2)
  4 worms
  6 giant geckos
  5 orcs
  A ball python (D:1)
  10 bats
  3 giant cockroaches
  5 goblins
  9 hobgoblins
  7 jackals
  5 kobolds
  6 giant newts
  2 quokkas
  6 rats
91 creatures vanquished.

Notes
Turn   | Place    | Note
--------------------------------------------------------------
     0 | D:1      | kidanger the Troll Monk began the quest for the Orb.
     0 | D:1      | Reached XP level 1. HP: 22/22 MP: 0/0
   221 | D:1      | Reached XP level 2. HP: 23/29 MP: 1/1
   906 | D:2      | Reached XP level 3. HP: 36/36 MP: 2/2
   917 | D:2      | Found a shadowy altar of Dithmenos.
   938 | D:2      | Became a worshipper of Dithmenos the Shadowed
   938 | D:2      | Acquired Dithmenos's first power
   996 | D:2      | Reached XP level 4. HP: 44/44 MP: 3/3
  1258 | D:2      | Reached skill level 5 in Unarmed Combat
  1437 | D:3      | Found a burning altar of Makhleb.
  1575 | D:3      | Reached XP level 5. HP: 45/53 MP: 4/4
  1799 | D:3      | Reached XP level 6. HP: 34/61 MP: 5/5
  1801 | D:3      | Acquired Dithmenos's second power
  2528 | D:4      | Killed from afar by an orc priest

Vault maps used:
D:1:      lightli_molten_gateway, kennysheep_another_room
D:2:      grunt_dithmenos_smoke_and_mirrors
D:3:      demons_altar
D:4:      nicolae_overflow_hidden_temple, minmay_temple_entry_purple_smoke

Action                   |  1- 3 |  4- 6 || total
-------------------------+-------+-------++-------
Melee: Unarmed           |    65 |   167 ||   232
Invok: Shadow Step       |     1 |       ||     1
  Use: Scroll            |       |     2 ||     2
       Potion            |       |     3 ||     3
 Stab: Sleeping          |     2 |     2 ||     4
  Eat: Chunk             |     6 |    19 ||    25
